 Dungeon Crawl Stone Soup version 0.21.1-1-g345015f (webtiles) character file.

438 inc the Cudgeler (level 6, -1/50 HPs)
             Began as a Demonspawn Monk on June 9, 2018.
             Was a Believer of Wu Jian.
             Slain by a mummy (8 damage)
             ... in an ossuary.
             The game lasted 00:05:20 (3721 turns).

inc the Cudgeler (Demonspawn Monk)                  Turns: 3721, Time: 00:05:21

Health: -1/50      AC:  7    Str: 11    XL:     6   Next: 69%
Magic:  6/6        EV: 11    Int: 14    God:    Wu Jian [**....]
Gold:   182        SH:  0    Dex: 15    Spells: 5/5 levels left

rFire    . . .     SeeInvis .   i - +0 flail
rCold    + . .     Gourm    .   (no shield)
rNeg     . . .     Faith    .   m - +0 scale mail
rPois    .         Spirit   .   (helmet restricted)
rElec    .         Reflect  .   (no cloak)
rCorr    .         Harm     .   (no gloves)
MR       .....                  (no boots)
Stlth    +.........             (no amulet)
HPRegen  0.16/turn              j - +1 ring of evasion
MPRegen  0.10/turn              (no ring)

@: no status effects
A: horns 1, rugged brown scales 1, cold resistance 1
a: Wall Jump, Renounce Religion


You were in an ossuary.
You worshipped Wu Jian.
Wu Jian was pleased with you.
You were very hungry.

You visited 1 branch of the dungeon, and saw 4 of its levels.
You also visited: Ossuary.

You collected 182 gold pieces.

Inventory:

Hand Weapons
 a - a +0 mace
 i - a +0 flail (weapon)
 q - a +0 morningstar
Armour
 b - a +0 robe
 m - a +0 scale mail (worn)
 r - a +0 helmet
Jewellery
 j - a +1 ring of evasion (left hand)
 t - an uncursed ring of flight {unknown}
Scrolls
 e - a scroll of enchant armour {unknown}
 f - 3 scrolls of teleportation {unknown}
 g - 5 scrolls of identify {unknown}
 h - a scroll of immolation {unknown}
 l - a scroll of amnesia {unknown}
 n - 2 scrolls of remove curse {unknown}
 p - 2 scrolls of enchant weapon {unknown}
Potions
 d - a potion of resistance {unknown}
 k - a potion of curing
 o - a potion of might {unknown}
 s - a potion of magic {unknown}
 u - a potion of heal wounds {unknown}
Comestibles
 c - 3 rations


   Skills:
 - Level 4.3 Fighting
 + Level 5.2 Maces & Flails
 - Level 4.3 Dodging
 - Level 1.7 Stealth


You had 5 spell levels left.
You didn't know any spells.

Dungeon Overview and Level Annotations

Branches:
Dungeon (4/15)
 Temple: D:4-7

Altars:
Nemelex Xobeh
Vehumet
Wu Jian

Annotations:
D:3 inc's ghost, amateur FoFi


Innate Abilities, Weirdness & Mutations

You have a pair of small horns on your head.
You are partially covered in rugged brown scales. (AC +1, +3% HP)
Your flesh is cold resistant. (rC+)


Message History

A mummy comes into view.
Found 3 pink potions, a coppery potion and 3 amethyst potions.
Found a gate leading back out of this place.
You lunge at the mummy.
You hit the mummy.
The mummy is lightly damaged.
The mummy hits you.
There is an open door here.
You hit the mummy.
The mummy is moderately damaged.
The mummy hits you!
You hit the mummy. Your headbutt misses the mummy.
The mummy is moderately damaged.
You hit the mummy.
The mummy is severely damaged.
The mummy hits you!
* * * LOW HITPOINT WARNING * * *
Your scale mail prevents you from hitting the mummy.
The mummy is severely damaged.
The mummy hits you!
You die...

#...#...#....#'#.#...#
#..##...##..##.#.##..#
#..#.....#..#..#..#..#
#..#+#.#+#..#..#..#.∩#
#..# #.# #..####..#..#
#..# #.# #..#.....#..#
#..###.###..#..##'#.∩#
#..#.....#..#..#..#..#
#..###@###..##.#.##..#
#...#!M!#....#.###...#
#...#!!!#....#...#...#
#...##∩##....##.##...#
#....###......#'#....#
#....................#
#....................#
######################


You could see a mummy.

Vanquished Creatures
  2 elf zombies (Ossuary)
  An iguana (D:4)
  2 big kobold zombies (Ossuary)
  2 hound zombies (Ossuary)
  A mummy (Ossuary)
  A gnoll (D:1)
  7 adders
  6 adder zombies (Ossuary)
  3 worms
  4 dart slugs
  2 leopard geckos
  An orc (D:3)
  5 giant cockroaches
  2 gnoll zombies (Ossuary)
  7 goblins
  5 hobgoblins
  2 jackals (D:3)
  6 kobolds
  3 ball pythons (D:2)
  4 bats
  6 frilled lizards
  2 goblin zombies (Ossuary)
  3 hobgoblin zombies (Ossuary)
  7 jackal zombies (Ossuary)
  A kobold zombie (Ossuary)
  A leopard gecko skeleton (D:4)
  An orc zombie (Ossuary)
  4 quokka zombies (Ossuary)
  5 rats
  2 rat zombies (Ossuary)
98 creatures vanquished.

Notes
Turn   | Place    | Note
-------+----------+-------------------------------------------
     0 | D:1      | inc the Demonspawn Monk began the quest for the Orb.
     0 | D:1      | Reached XP level 1. HP: 18/18 MP: 1/1
   139 | D:1      | Gained mutation: You are partially covered in rugged brown scales. (AC +1, +3% HP) [demonic ancestry]
   139 | D:1      | Reached XP level 2. HP: 18/24 MP: 2/2
   845 | D:1      | Gained mutation: Your flesh is cold resistant. (rC+) [demonic ancestry]
   845 | D:1      | Reached XP level 3. HP: 26/29 MP: 3/3
  1840 | D:2      | Reached XP level 4. HP: 3/36 MP: 4/4
  2029 | D:2      | Found a radiant altar of Vehumet.
  2343 | D:3      | Noticed inc's ghost (amateur FoFi)
  2518 | D:3      | Found a sparkling altar of Nemelex Xobeh.
  2577 | D:3      | Gained mutation: You have a pair of small horns on your head. [demonic ancestry]
  2577 | D:3      | Reached XP level 5. HP: 39/44 MP: 5/5
  3105 | D:4      | Found an ornate altar of the Wu Jian Council.
  3121 | D:4      | Reached skill level 3 in Maces & Flails
  3129 | D:4      | Became a worshipper of the Wu Jian Council
  3129 | D:4      | Reached * piety under Wu Jian
  3129 | D:4      | Reached ** piety under Wu Jian
  3175 | D:4      | Found a sand-covered staircase.
  3181 | Ossuary  | Entered an ossuary
  3314 | Ossuary  | Reached skill level 4 in Maces & Flails
  3314 | Ossuary  | Reached XP level 6. HP: 18/50 MP: 6/6
  3558 | Ossuary  | Reached skill level 5 in Maces & Flails
  3721 | Ossuary  | Slain by a mummy

Skill      XL: |  1  2  3  4  5  6 |
---------------+-------------------+-----
Dodging        | 3 4 |  4.3
Fighting       | 4 |  4.3
Maces & Flails | 4 5 |  5.2
Stealth        | |  1.7

Action                   |  1- 3 |  4- 6 || total
-------------------------+-------+-------++-------
Melee: Mace              |    55 |       ||    55
       Flail             |    78 |   286 ||   364
       Headbutt          |       |    33 ||    33
Invok: Whirlwind         |       |    12 ||    12
       Wall Jump         |       |     7 ||     7
       Lunge             |       |     6 ||     6
  Use: Potion            |       |     1 ||     1
 Stab: Sleeping          |     2 |       ||     2
  Eat: Chunk             |     1 |     4 ||     5
       Ration            |       |     1 ||     1
Armor: Robe              |    18 |       ||    18
       Scale mail        |    16 |   158 ||   174
Dodge: Dodged            |   107 |   193 ||   300
